 Dungeon Crawl Stone Soup version 0.29.0-7-g18a832c13a (webtiles) character file.

Game seed: 16356539515749639221

19747 themarg the Destroyer (level 12, -3/71 HPs)
             Began as a Tengu Conjurer on Aug 30, 2022.
             Was an Elder of Vehumet.
             Killed from afar by a rime drake (25 damage)
             ... with a flash freeze
             ... on level 3 of the Lair of Beasts.
             The game lasted 01:50:50 (19837 turns).

themarg the Destroyer (Tengu Conjurer)             Turns: 19837, Time: 01:50:51

Health: -3/71      AC:  8    Str:  8    XL:     12   Next: 72%
Magic:  20/25      EV: 19    Int: 23    God:    Vehumet [****..]
Gold:   536        SH:  0    Dex: 13    Spells: 11/27 levels left

rFire   + . .      SeeInvis .   l - +1 short sword (protect)
rCold   . . .      Faith    .   (no shield)
rNeg    . . .      Spirit   .   K - +2 robe {Will+}
rPois   .          Reflect  .   (helmet restricted)
rElec   .          Harm     .   H - +2 cloak
rCorr   .          Rampage  .   h - +0 pair of gloves
Will    +....                   (boots unavailable)
Stlth   ++++......              (no amulet)
HPRegen 0.21/turn               w - ring of wizardry
MPRegen 0.19/turn               b - ring of protection from fire

@: flying quickly and evasively, quick
A: beak, talons 3, nimble flight
a: Renounce Religion


You were on level 3 of the Lair of Beasts.
You worshipped Vehumet.
Vehumet was greatly pleased with you.
You visited 2 branches of the dungeon, and saw 13 of its levels.

You collected 782 gold pieces.
You spent 246 gold pieces at shops.

Inventory:

Hand Weapons
 j - a +0 dagger
 l - a +1 short sword of protection (weapon)
 L - a +3 short sword
Missiles
 J - 6 atropa-tipped darts
Armour
 h - a +0 pair of gloves (worn)
 H - a +2 cloak (worn)
 K - a +2 robe of willpower (worn)
Jewellery
 b - a ring of protection from fire (right hand)
 f - a ring of fire
 w - a ring of wizardry (left hand)
 O - a ring of fire
 Q - a ring of positive energy
Wands
 B - a wand of quicksilver (10)
 E - a wand of mindburst (4)
 G - a wand of roots (19)
Scrolls
 d - 2 scrolls of torment
 g - 5 scrolls of noise
 i - a scroll of enchant armour
 p - 2 scrolls of fog
 q - 3 scrolls of enchant weapon
 r - 4 scrolls of fear
 t - 3 scrolls of brand weapon
 u - a scroll of silence {unknown}
 x - 4 scrolls of blinking
 y - a scroll of immolation {unknown}
 A - 3 scrolls of poison
 D - 4 scrolls of amnesia
 F - a scroll of vulnerability {unknown}
 I - 4 scrolls of teleportation
 N - a scroll of magic mapping {unknown}
 P - a scroll of identify
Potions
 a - a potion of cancellation {unknown}
 c - 9 potions of heal wounds
 e - a potion of resistance {unknown}
 k - 2 potions of invisibility
 m - a potion of berserk rage {unknown}
 n - 2 potions of degeneration {unknown}
 o - 5 potions of might
 s - 3 potions of haste
 v - 2 potions of attraction {unknown}
 z - 8 potions of curing
 C - 2 potions of brilliance {unknown}
 M - a potion of flight {unknown}


   Skills:
 + Level 6.9 Fighting
 + Level 6.0 Short Blades
 + Level 10.4 Dodging
 + Level 10.4 Stealth
 * Level 8.2 Spellcasting
 + Level 13.4 Conjurations
 - Level 2.0 Hexes
 - Level 2.0 Translocations


You had 11 spell levels left.
You knew the following spells:

 Your Spells              Type           Power      Damage    Failure   Level
a - Magic Dart            Conj           100%       1d8       1%          1
b - Searing Ray           Conj           100%       2d8       1%          2
c - Fulminant Prism       Conj/Hex       22%        3d13      1%          4
d - Iskenderun's Mystic   Conj/Tloc      44%        2d10      1%          4
e - Freezing Cloud        Conj/Ice/Air   15%        6-21      3%          5

Your spell library contained the following spells:

 Spells                   Type           Power      Damage    Failure   Level
 Freeze                   Ice            36%        1d6       1%          1
 Shock                    Conj/Air       100%       1d9       1%          1
 Dazzling Flash           Conj/Hex       88%        N/A       1%          3
 Hailstorm                Conj/Ice       40%        3d10      1%          4
 Beastly Appendage        Tmut           18%        N/A       2%          1
 Ensorcelled Hibernation  Hex/Ice        28%        N/A       2%          2
 Frozen Ramparts          Ice            18%        1d3       2%          3
 Passwall                 Tmut/Erth      7%         N/A       4%          2
 Wereblood                Tmut           9%         N/A       4%          2
 Airstrike                Air            4%         2d(1-17)  8%          4
 Spider Form              Tmut/Pois      9%         N/A       9%          3
 Swiftness                Air            9%         N/A       9%          3
 Anguish                  Hex/Necr       7%         N/A       17%         4
 Petrify                  Tmut/Erth      9%         N/A       26%         4
 Metabolic Englaciation   Hex/Ice        7%         N/A       43%         5
 Borgnjor's Vile Clutch   Necr/Erth      4%         N/A       56%         5
 Statue Form              Tmut/Erth      6%         N/A       98%         6
 Death's Door             Necr           4%         N/A       100%        9


Dungeon Overview and Level Annotations

Branches:
Dungeon (10/15)            Temple (0/1) D:7            Lair (3/5) D:8
 Shoals (0/4) Lair:2
  Snake: Lair:2-3    Spider: Lair:2-3       Orc: D:9-12

Altars:
Ashenzari
Cheibriados
Dithmenos
Elyvilon
Fedhas
Gozag
Nemelex Xobeh
Okawaru
Vehumet
Yredelemnul
Zin
The Shining One

Shops:
D:1 *(?!*   D:3 [   D:6 *

Annotations:
D:8 3 runed translucent doors, Zeldest's ghost, journeyman HOFi
D:10 1 runed translucent door, exclusion: door, Sonja


Innate Abilities, Weirdness & Mutations

You have a beak for a mouth.
You have claws for feet.
Your magical nature lets you fly swiftly and evasively.


Message History

Aim: a rime drake (wandering, hasn't noticed you, 100% to hit)
The magic dart hits the rime drake.
The rime drake is lightly wounded.
The rime drake hisses angrily.
Casting: Magic Dart (safe; 1% risk of failure)
Confirm with . or Enter, or press ? or * to list all spells.
Aiming: Fulminant Prism (safe; 1% risk of failure)
Press: ? - help, Dir - move target, p - rime drake
Okay, then.
The rime drake breathes ice at you. The flash freeze hits you!!
You are encased in ice.
The ice encasing you melts away.
Casting: Fulminant Prism (safe; 1% risk of failure)
Confirm with . or Enter, or press ? or * to list all spells.
Aiming: Fulminant Prism (safe; 1% risk of failure)
Press: ? - help, Dir - move target, p - rime drake You conjure a prism of explosive energy!
A fulminant prism comes into view.
The rime drake breathes ice at you. The flash freeze hits you!!
* * * LOW HITPOINT WARNING * * *
You are encased in ice.
Something bites your fulminant prism!
Your fulminant prism crackles loudly.
Your fulminant prism explodes!
Casting: Fulminant Prism (safe; 1% risk of failure)
Confirm with . or Enter, or press ? or * to list all spells.
You can't see any susceptible monsters within range! (Use Z to cast anyway.)
Casting: Fulminant Prism (safe; 1% risk of failure)
Confirm with . or Enter, or press ? or * to list all spells.
Aiming: Magic Dart (safe; 1% risk of failure)
Press: ? - help, Shift-Dir - straight line, f - rime drake
Aim: a rime drake (heavily wounded, 100% to hit)
The magic dart hits the rime drake.
The rime drake is severely wounded.
The ice encasing you melts away. The rime drake breathes ice at you.
The flash freeze hits you!!
You die...

##....[................#
#.##...####...#........#
###....#
####.........##. #....##
##........... ##.†..#
#...........# ##..†##
##..........# #....###
#............
##...#.######..........#
#..##.#@.##..k........#
#......†...k..........#
#.##..##.#.#...........
###############.#.#.###
##### #


You could see a rime drake (catching breath).

Vanquished Creatures
  Pikel (D:4)
  An elephant (D:8)
  A black mamba (Lair:1)
  6 cane toads
  A rime drake (Lair:3)
  4 komodo dragons
  Maggie (D:7)
  2 trolls
  The ghost of themarg the Vexing, an amateur GnWn (D:3)
  16 blink frogs
  A shadow (D:10)
  36 yaks
  A steam dragon (D:7)
  3 basilisks
  2 wyverns
  5 water moccasins
  An acid dragon (D:9)
  2 orc warriors (D:8)
  4 ice beasts
  3 sky beasts
  7 wolves
  2 centaurs
  4 ogres
  A lemure (D:4)
  A kobold brigand (D:4)
  10 bullfrogs
  3 necrophages
  6 scorpions
  A gnoll sergeant (D:5)
  5 wights (D:9)
  3 killer bees (D:8)
  A howler monkey (D:7)
  2 jellies
  4 orc priests
  Crazy Yiuf (D:5)
  4 gnoll boudas
  3 hounds
  3 iguanas
  Jessica (D:3)
  Ijyb (D:4)
  Terence (D:3)
  13 orc wizards
  Natasha (thrice) (D:4)
  6 adders
  23 gnolls
  4 hound simulacra (D:3)
  2 white imps (D:6)
  3 worms
  3 dart slugs
  An adder simulacrum (D:3)
  53 orcs
  11 ball pythons
  11 endoplasms
  4 giant cockroaches
  8 goblins
  10 hobgoblins
  3 quokkas
  A ball python simulacrum (D:3)
  7 bats
  2 frilled lizards (D:2)
  5 kobolds
  10 rats
339 creatures vanquished.

Vanquished Creatures (others)
  101 fulminant prisms
  19 fungi
  34 plants
154 creatures vanquished.

Grand Total: 493 creatures vanquished

Notes
Turn   | Place    | Note
-------+----------+-------------------------------------------
     0 | D:1      | themarg the Tengu Conjurer began the quest for the Orb.
     0 | D:1      | Reached XP level 1. HP: 10/10 MP: 4/4
     2 | D:1      | Noticed a demigod
     4 | D:1      | Noticed a meteoran
     6 | D:1      | Noticed a spriggan
     6 | D:1      | Noticed a demonspawn
     8 | D:1      | Noticed a human
     8 | D:1      | Noticed a ghoul
    10 | D:1      | Noticed a formicid
    10 | D:1      | Noticed a merfolk
    12 | D:1      | Noticed a minotaur
    12 | D:1      | Noticed a troll
    14 | D:1      | Noticed an octopode
    16 | D:1      | Noticed a naga
    16 | D:1      | Noticed a draconian
    18 | D:1      | Noticed a vampire
    18 | D:1      | Noticed a gargoyle
    20 | D:1      | Noticed an elf
    20 | D:1      | Noticed a vine stalker
    22 | D:1      | Noticed a tengu
    22 | D:1      | Noticed a palentonga
    24 | D:1      | Noticed a human
    24 | D:1      | Noticed an ogre
    26 | D:1      | Noticed an elf
    26 | D:1      | Noticed a draconian
    31 | D:1      | Found Purruix's Magic Scroll Shop.
   154 | D:1      | Reached XP level 2. HP: 15/15 MP: 0/6
   157 | D:1      | Learned a level 2 spell: Searing Ray
   218 | D:1      | Found Cinerphite's Antique Weapon Shop.
   296 | D:1      | Found Inotavvesexi's Distillery.
   329 | D:1      | Found Odetteja's Assorted Antiques.
   629 | D:1      | Found Ydecwiev's General Store.
   689 | D:1      | Reached XP level 3. HP: 19/19 MP: 4/7
   802 | D:1      | Found a faded altar of an unknown god.
  1906 | D:2      | Reached skill level 6 in Conjurations
  2239 | D:2      | Reached XP level 4. HP: 24/24 MP: 4/8
  2528 | D:3      | Found a blossoming altar of Fedhas.
  2975 | D:3      | Noticed Terence
  2977 | D:3      | Noticed Jessica
  2982 | D:3      | Killed Terence
  2983 | D:3      | Gained mutation: Your magical nature lets you fly swiftly
                  | and evasively. [Tengu growth]
  2983 | D:3      | Reached XP level 5. HP: 22/28 MP: 2/10
  2983 | D:3      | Killed Jessica
  3176 | D:3      | Found a runed translucent gate.
  3186 | D:3      | Found a runed translucent gate.
  3186 | D:3      | Found a runed translucent gate.
  3307 | D:3      | Found Epoahede's Armour Shoppe.
  3373 | D:3      | Noticed themarg's ghost (amateur GnWn)
  3658 | D:3      | Found an opulent altar of Gozag.
  3659 | D:3      | Found a radiant altar of Vehumet.
  3674 | D:3      | Became a worshipper of Vehumet
  3835 | D:4      | Noticed an ogre
  3872 | D:4      | Noticed Pikel
  3872 | D:4      | Noticed a lemure
  3872 | D:4      | Noticed a lemure
  3872 | D:4      | Noticed a lemure
  3873 | D:4      | Noticed Ijyb
  3969 | D:4      | Killed Ijyb
  4054 | D:4      | Noticed a kobold brigand
  4161 | D:4      | Reached XP level 6. HP: 32/32 MP: 6/11
  4330 | D:4      | Reached skill level 7 in Conjurations
  4330 | D:4      | Reached skill level 1 in Hexes
  4339 | D:4      | Learned a level 4 spell: Fulminant Prism
  4458 | D:4      | Noticed Natasha
  4465 | D:4      | Killed Natasha
  4585 | D:4      | Noticed Natasha
  4589 | D:4      | Killed Natasha
  4590 | D:4      | Reached XP level 7. HP: 36/36 MP: 9/13
  4635 | D:4      | Found a glowing golden altar of the Shining One.
  4636 | D:4      | Found a glowing silver altar of Zin.
  4641 | D:4      | Found a white marble altar of Elyvilon.
  4660 | D:4      | Noticed Natasha
  4665 | D:4      | Killed Natasha
  5336 | D:4      | Killed Pikel
  5337 | D:4      | Reached skill level 5 in Dodging
  5337 | D:4      | Reached skill level 8 in Conjurations
  5337 | D:4      | Reached skill level 1 in Translocations
  5337 | D:4      | Reached XP level 8. HP: 36/41 MP: 5/15
  5488 | D:4      | Reached skill level 5 in Stealth
  5560 | D:4      | Found a snail-covered altar of Cheibriados.
  5632 | D:1      | Bought a scroll of identify for 26 gold pieces
  5664 | D:1      | Bought a potion of curing for 30 gold pieces
  5777 | D:5      | Entered Level 5 of the Dungeon
  5982 | D:5      | Found an iron altar of Okawaru.
  6407 | D:5      | Learned a level 4 spell: Iskenderun's Mystic Blast
  6445 | D:5      | Reached * piety under Vehumet
  6445 | D:5      | Offered knowledge of Sandblast by Vehumet.
  6580 | D:5      | Reached skill level 5 in Spellcasting
  6833 | D:5      | Found a runed translucent door.
  6834 | D:5      | Noticed Crazy Yiuf
  6876 | D:5      | Killed Crazy Yiuf
  7004 | D:5      | Reached skill level 9 in Conjurations
  7004 | D:5      | Reached XP level 9. HP: 33/45 MP: 8/17
  7609 | D:6      | Found Itiphore's General Store.
  7612 | D:6      | Bought a scroll of teleportation for 33 gold pieces
  7612 | D:6      | Bought a scroll of identify for 22 gold pieces
  7612 | D:6      | Bought a scroll of identify for 22 gold pieces
  7955 | D:6      | Reached skill level 10 in Conjurations
  8088 | D:6      | Offered knowledge of Foxfire by Vehumet.
  8093 | D:6      | Reached ** piety under Vehumet
  8184 | D:6      | Found a basalt altar of Yredelemnul.
  8186 | D:6      | Found a sparkling altar of Nemelex Xobeh.
  8188 | D:6      | Found a broken altar of Ashenzari.
  8418 | D:7      | Reached skill level 1 in Fighting
  8418 | D:7      | Reached skill level 1 in Short Blades
  8856 | D:7      | Found a staircase to the Ecumenical Temple.
  9029 | D:7      | Noticed a troll
  9035 | D:7      | Killed a troll
  9036 | D:7      | Reached XP level 10. HP: 53/53 MP: 6/18
  9403 | D:7      | Noticed Maggie
  9409 | D:7      | Killed Maggie
  9523 | D:7      | Offered knowledge of Stone Arrow by Vehumet.
 10039 | D:8      | Reached skill level 11 in Conjurations
 10481 | D:8      | Noticed an elephant
 10542 | D:8      | Found a staircase to the Lair.
 10553 | D:8      | Reached *** piety under Vehumet
 10763 | D:8      | Found a runed translucent gate.
 10764 | D:8      | Found a runed translucent gate.
 10764 | D:8      | Found a runed translucent gate.
 10766 | D:8      | Noticed Zeldest's ghost (journeyman HOFi)
 11076 | D:8      | Killed an elephant
 11795 | D:1      | Bought a scroll of identify for 26 gold pieces
 11795 | D:1      | Bought a scroll of identify for 26 gold pieces
 11795 | D:1      | Bought a scroll of teleportation for 39 gold pieces
 11880 | D:6      | Bought a scroll of identify for 22 gold pieces
 12171 | D:9      | Got the Reference Book on Gloom and Excavation
 12254 | D:9      | Offered knowledge of Sticky Flame by Vehumet.
 12401 | D:9      | Reached XP level 11. HP: 62/62 MP: 10/19
 12561 | D:9      | Reached skill level 5 in Short Blades
 13202 | D:9      | Found a shadowy altar of Dithmenos.
 13672 | D:10     | Entered Level 10 of the Dungeon
 13683 | D:9      | Reached skill level 12 in Conjurations
 13684 | D:9      | Reached skill level 5 in Fighting
 13908 | D:9      | Reached **** piety under Vehumet
 14212 | D:10     | Found a runed translucent door.
 14213 | D:10     | Noticed a sixfirhy
 14438 | D:10     | Offered knowledge of Freezing Cloud by Vehumet.
 14445 | D:10     | Learned a level 5 spell: Freezing Cloud
 14635 | D:10     | Noticed Sonja
 15082 | D:9      | Upgraded the game from 0.29.0-5-ge4962eb29e to
                  | 0.29.0-7-g18a832c13a
 15274 | D:3      | Killed themarg's ghost
 15583 | Lair:1   | Entered Level 1 of the Lair of Beasts
 16156 | Lair:1   | Reached XP level 12. HP: 13/70 MP: 3/23
 17536 | Lair:2   | Found a staircase to the Shoals.
 17551 | Lair:2   | Reached skill level 10 in Dodging
 17599 | Lair:2   | Reached skill level 10 in Stealth
 17712 | Lair:2   | Reached skill level 13 in Conjurations
 19837 | Lair:3   | Killed from afar by a rime drake

Illustrated notes

Levels and vault maps discovered:
D:1:      kb_arrival_jail, layout_loops_ring, shapermc_ecumenical_altar_pompeii,
          serial_shops, nicolae_shop_trees, nicolae_shop_hallway_plus,
          nicolae_shop_advertising_works [nicolae_subvault_shop_adworks], shop,
          shop, minmay_pentomino_v2
D:2:      minmay_chambers_of_twos, layout_loops_corners
D:3:      layout_basic, fedhas_altar_2, nicolae_overflow_two_pavilions,
          serial_shops, shop, gammafunk_ghost_icy, uniq_terence, uniq_jessica
D:4:      minmay_door_path, layout_cave_pools, good_gods_mini_temple,
          mainiacjoe_overflow_brackets, uniq_ijyb, uniq_pikel, uniq_natasha
D:5:      layout_loops_ring, okawaru_ov_weapons_minmay, kennysheep_another_room,
          uniq_crazy_yiuf_cottage
D:6:      layout_basic, grunt_temple_overflow_open, serial_shops, shop
D:7:      layout_basic, minmay_temple_entry_grid, uniq_maggie
D:8:      layout_loops_ring, david_lair_generic, ebering_ghost_rock_garden
D:9:      layout_gridville, mainiacjoe_overflow_six_doors_small,
          lightli_orcish_oven
D:10:     cheibrodos_shockbox, layout_basic,
          lemuel_mausoleum_altar_kikubaaqudgha, minmay_misc_feat_columns,
          uniq_sonja, uniq_joseph
Lair:1:   layout_roguey, lemuel_fruit_fields
Lair:2:   layout_roguey, elwin_shoals_entry_rocks, infiniplex_staircase_pool
Lair:3:   layout_gridlike, nicolae_spider_entry_orb_guardian, basic_altar,
          disabler_island, grunt_megastairs_4

Skill      XL: |  1  2  3  4  5  6  7  8  9 10 11 12 |
---------------+-------------------------------------+-----
Conjurations   | 6 7 8 9 10 11 12 13 | 13.4
Dodging        | 3 4 5 7 8 9 10 | 10.4
Stealth        | 3 4 5 7 8 9 10 | 10.4
Spellcasting   | 3 4 5 7 8 |  8.2
Hexes          | 1 2 |  2.0
Translocations | 1 2 |  2.0
Fighting       | 2 4 6 |  6.9
Short Blades   | 2 4 5 6 |  6.0

Action                   |  1- 3 |  4- 6 |  7- 9 | 10-12 || total
-------------------------+-------+-------+-------+-------++-------
Melee: Spear             |     1 |       |       |       ||     1
       Short sword       |       |     9 |    12 |    27 ||    48
       Peck              |       |     2 |     5 |     5 ||    12
       Kick              |       |     2 |     4 |    14 ||    20
 Cast: Magic Dart        |    65 |    61 |    47 |    84 ||   257
       Searing Ray       |     7 |    16 |    55 |    77 ||   155
       Fulminant Prism   |       |       |    17 |    84 ||   101
       Iskenderun's Myst |       |       |     7 |    75 ||    82
       Freezing Cloud    |       |       |       |     8 ||     8
  Use: Scroll            |       |       |     7 |     8 ||    15
       Potion            |       |       |       |     2 ||     2
Armor: Robe              |     2 |     1 |    15 |    26 ||    44
Dodge: Dodged            |     7 |     9 |    53 |    87 ||   156
